 Dungeon Crawl Stone Soup version 0.26.1-11-gd32895ea62 (webtiles) character file.

Game seed: 18091907882283930570

12258 soggyman666 the Cleaver (level 11, -3/66 HPs)
             Began as a Gargoyle Fighter on May 1, 2021.
             Was a High Priest of Zin.
             Shot with a bolt by an orc knight (7 damage)
             ... on level 2 of the Orcish Mines on June 12, 2021.
             The game lasted 01:16:39 (9554 turns).

soggyman666 the Cleaver (Gargoyle Fighter)          Turns: 9554, Time: 01:16:40

Health: -3/66      AC: 30    Str: 21    XL:     11   Next: 90%
Magic:  17/17      EV: 11    Int:  9    God:    Zin [*****.]
Gold:   203        SH: 13    Dex: 11    Spells: 4/10 levels left

rFire    . . .     SeeInvis .   D - +2 hand axe (freeze)
rCold    . . .     Faith    .   E - +2 kite shield {reflect}
rNeg     + . .     Spirit   .   m - +4 ring mail "Edeeqil" {rPois Regen+}
rPois    ∞         Reflect  +   (no helmet)
rElec    +         Harm     .   k - +2 cloak
rCorr    .         Rampage  .   (no gloves)
Will     .....                  w - +0 pair of boots
Stlth    ++........             (no amulet)
HPRegen  0.61/turn              j - +4 ring of protection
MPRegen  0.15/turn              y - +4 ring of protection

@: no status effects
A: negative energy resistance 1, electricity resistance, unbreathing,
petrification resistance, miasma immunity, AC +8
a: Renounce Religion, Recite, Vitalisation, Imprison, Sanctuary, Donate Gold


You were on level 2 of the Orcish Mines.
You worshipped Zin.
Zin was extremely pleased with you.
You visited 2 branches of the dungeon, and saw 11 of its levels.
You also visited: Sewer.

You collected 489 gold pieces.
You donated 286 gold pieces to Zin.

Inventory:

Hand Weapons
 a - a +1 war axe
 D - a +2 hand axe of freezing (weapon)
Armour
 k - a +2 cloak (worn)
 m - the +4 ring mail "Edeeqil" (worn) {rPois Regen+}
   (You found it on level 4 of the Dungeon)

   It protects you from poison.
   It increases your rate of regeneration.
 w - a +0 pair of boots (worn)
 E - a +2 kite shield of reflection (worn)
Jewellery
 d - a +6 ring of intelligence
 f - an uncursed ring of flight
 i - an uncursed ring of protection from cold
 j - a +4 ring of protection (left hand)
 y - a +4 ring of protection (right hand)
Wands
 p - a wand of iceblast (3)
 x - a wand of digging (13)
 B - a wand of paralysis (20)
Scrolls
 h - 7 scrolls of remove curse
 q - a scroll of teleportation
 s - 2 scrolls of enchant armour
 u - a scroll of fear {unknown}
 v - a scroll of enchant weapon
 H - a scroll of silence {unknown}
 I - a scroll of torment {unknown}
 K - a scroll of identify
Potions
 b - a potion of ambrosia {unknown}
 c - a potion of berserk rage {unknown}
 e - a potion of heal wounds
 g - 4 potions of curing
 l - a potion of cancellation {unknown}
 n - 2 potions of degeneration {unknown}
 o - 3 potions of flight {unknown}
 r - a potion of brilliance {unknown}
 t - a potion of might
 z - a potion of resistance {unknown}
 G - a potion of magic {unknown}
 J - a potion of attraction {unknown}
Miscellaneous
 C - a lightning rod (inert)


   Skills:
 + Level 6.9 Fighting
 + Level 9.2 Axes
 + Level 5.9 Armour
 + Level 4.0 Dodging
 + Level 3.4 Stealth
 + Level 8.8 Shields
 * Level 3.1 Summonings
 * Level 8.1 Invocations
 * Level 6.1 Evocations


You had 4 spell levels left.
You knew the following spells:

 Your Spells              Type           Power        Failure   Level
a - Shadow Creatures      Summ           N/A          100%        6

Your spell library contained the following spells:

 Spells                   Type           Power        Failure   Level
 Summon Small Mammal      Summ           20%          36%         1
 Call Imp                 Summ           5%           52%         2
 Call Canine Familiar     Summ           5%           75%         3
 Summon Guardian Golem    Hex/Summ       2%           92%         3
 Summon Ice Beast         Ice/Summ       2%           100%        4
 Summon Lightning Spire   Summ/Air       2%           100%        4
 Bolt of Magma            Conj/Fire/Erth 0%           100%        5
 Iskenderun's Battlesphe  Conj           0%           100%        5
 Iron Shot                Conj/Erth      0%           100%        6
 Orb of Destruction       Conj           0%           100%        7
 Spellforged Servitor     Conj/Summ      1%           100%        7


Dungeon Overview and Level Annotations

Branches:
Dungeon (9/15)             Temple (0/1) D:5             Orc (2/2) D:9
    Elf (0/3) Orc:2         Sewer (visited)
   Lair: D:8-11

Altars:
Dithmenos
Makhleb
Qazlal
Yredelemnul
Zin
Jiyva

Shops:
D:2 *   D:5 =   D:7 (   D:9 [


Innate Abilities, Weirdness & Mutations

You are resistant to torment.
Your stone body is resilient. (AC +8)
You are immune to poison.
You resist negative energy. (rN+)
You are resistant to electric shocks. (rElec)
You can survive without breathing.
You are immune to petrification.
You are immune to miasma.


Message History

You hear a howl!
You hit the orc priest. You freeze the orc priest.
The orc priest is heavily wounded.
The gnoll closely misses the orc priest.
A warg comes into view.
The orc priest hits you but does no damage.
You hit the orc priest. You freeze the orc priest.
The orc priest is almost dead.
You closely miss the orc priest.
The orc priest is almost dead.
You barely miss the gnoll. You block the orc priest's attack.
You barely miss the orc priest.
The orc priest is almost dead.
You hit the gnoll. You freeze the gnoll.
You kill the gnoll!
An orc wizard comes into view. It is wielding a -1 dagger.
The orc knight shoots a bolt.
The bolt hits you!!
* * * LOW HITPOINT WARNING * * *
The bolt burns you!
You die...

,,.....###...#........,,...#*#.#.
,,......###.#........,,,,..*#....
,,..#....###.......$.,,,*,**#...#
....#...#..##......##,,,******,**
................>...#*,,,*,*****
............#.#....##*,,,,,,*
........##.#####.### **,*,,**
....#...#....##)### *,,,,,,*
............o..)@.## *,,,,,**
.............)).o..# *,,,***
.......#....h.###.## **,**
..)......o.....#### ***
.oog##(..._.....#
..g).#.........##
.#.o.o.........##
.##o4..#........#
**#...###...#...#*


You could see an orc knight, a warg, an orc priest (strong, mute) and an orc
wizard (strong).

Vanquished Creatures
  2 centaur warriors (D:8)
  An orc knight (Orc:1)
  An orc sorcerer (Orc:2)
  A cyclops (D:9)
  Joseph (D:7)
  A rime drake (shapeshifter) (D:9)
  A hornet (D:9)
  A troll (D:9)
  Grinder (D:4)
  Prince Ribbit (D:6)
  Sigmund (D:6)
  A wraith (D:9)
  Menkaure (D:6)
  A warg (Orc:2)
  A soldier ant (D:8)
  2 water moccasins (D:8)
  2 ice beasts (D:9)
  12 orc warriors
  3 sky beasts
  3 phantoms
  A black bear (D:8)
  3 necrophages
  6 ogres
  A centaur (D:8)
  5 big kobolds
  A gnoll sergeant (D:6)
  A wyvern zombie (D:8)
  7 bullfrogs
  Blork the orc (D:6)
  2 scorpions
  A water moccasin skeleton (D:8)
  2 killer bees (D:8)
  19 wights
  2 howler monkeys (D:8)
  2 centaur zombies
  6 hounds
  6 orc priests
  A centaur skeleton (D:6)
  7 jellies (D:8)
  Crazy Yiuf (D:3)
  14 orc wizards
  Jessica (D:3)
  4 bullfrog skeletons
  7 worker ants
  Natasha (thrice) (D:4)
  An iguana (D:8)
  2 hound skeletons (D:7)
  A howler monkey skeleton (D:4)
  10 gnolls
  19 adders
  8 river rats (Sewer)
  2 white imps
  An ufetubus (D:8)
  3 oozes
  3 adder skeletons
  4 worms
  2 dart slugs
  A leopard gecko (D:3)
  49 orcs
  7 giant cockroaches
  2 goblins
  A hobgoblin (D:3)
  10 jackals
  4 quokkas
  6 ball pythons
  10 bats
  5 frilled lizards
  23 kobolds
  A leopard gecko zombie (D:9)
  A quokka skeleton (D:5)
  21 rats
  A spectral orc (D:8)
340 creatures vanquished.

Vanquished Creatures (others)
  A deep elf mage (D:9)
  An orc priest (Orc:2)
  30 plants
32 creatures vanquished.

Grand Total: 372 creatures vanquished

Notes
Turn   | Place    | Note
-------+----------+-------------------------------------------
     0 | D:1      | soggyman666 the Gargoyle Fighter began the quest for the
                  | Orb.
     0 | D:1      | Reached XP level 1. HP: 14/14 MP: 1/1
   839 | D:2      | Reached XP level 2. HP: 17/19 MP: 2/2
  1077 | D:2      | Reached XP level 3. HP: 24/24 MP: 3/3
  1103 | D:2      | Found Zin's Purification Station.
  1106 | D:2      | Found a glowing silver altar of Zin.
  1117 | D:2      | Became a worshipper of Zin the Law-Giver
  1118 | D:2      | Donated 36 gold pieces to Zin
  1307 | D:2      | Reached skill level 2 in Axes
  1740 | D:3      | Reached * piety under Zin
  1834 | D:3      | Reached XP level 4. HP: 19/29 MP: 4/4
  2071 | D:3      | Noticed Jessica
  2082 | D:3      | Killed Jessica
  2193 | D:3      | Reached XP level 5. HP: 30/33 MP: 5/5
  2984 | D:3      | Found a runed translucent door.
  2985 | D:3      | Noticed Crazy Yiuf
  2996 | D:3      | Killed Crazy Yiuf
  3061 | D:4      | Reached skill level 1 in Invocations
  3064 | D:4      | Reached skill level 3 in Axes
  3118 | D:4      | Reached XP level 6. HP: 38/38 MP: 6/6
  3119 | D:4      | Donated 57 gold pieces to Zin
  3177 | D:4      | Reached skill level 4 in Axes
  3444 | D:4      | Got an ancient ring mail
  3455 | D:4      | Identified the +4 ring mail "Edeeqil" {rPois Regen+} (You
                  | found it on level 4 of the Dungeon)
  3598 | D:4      | Reached ** piety under Zin
  3741 | D:4      | Noticed Natasha
  3747 | D:4      | Killed Natasha
  3749 | D:4      | Noticed Grinder
  3771 | D:4      | Noticed Natasha
  3777 | D:4      | Killed Natasha
  3778 | D:4      | Reached XP level 7. HP: 37/43 MP: 8/8
  3782 | D:4      | Killed Grinder
  3783 | D:4      | Reached skill level 1 in Stealth
  3783 | D:4      | Reached skill level 5 in Shields
  3898 | D:4      | Noticed Natasha
  3910 | D:4      | Killed Natasha
  4012 | D:4      | Reached skill level 1 in Dodging
  4046 | D:4      | Reached skill level 5 in Axes
  4215 | D:5      | Entered Level 5 of the Dungeon
  4240 | D:5      | Donated 44 gold pieces to Zin
  4279 | D:5      | Reached XP level 8. HP: 21/48 MP: 10/10
  4367 | D:5      | Found Enaanew's Jewellery Boutique.
  4480 | D:5      | Found a stormy altar of Qazlal.
  4606 | D:5      | Reached skill level 1 in Evocations
  4647 | D:5      | Reached skill level 5 in Armour
  4746 | D:5      | Found a staircase to the Ecumenical Temple.
  4824 | D:6      | Noticed Menkaure
  4866 | D:6      | Killed Menkaure
  4874 | D:6      | Found a glowing drain.
  4906 | D:6      | Noticed Blork the orc
  4914 | Sewer    | Entered a sewer
  5146 | Sewer    | Reached skill level 6 in Axes
  5217 | Sewer    | Reached XP level 9. HP: 52/52 MP: 12/12
  5469 | D:6      | Noticed Sigmund
  5469 | D:6      | Noticed Prince Ribbit
  5475 | D:6      | Killed Blork the orc
  5644 | D:6      | Killed Prince Ribbit
  5645 | D:6      | Reached skill level 5 in Fighting
  5782 | D:6      | Reached skill level 5 in Invocations
  5930 | D:6      | Killed Sigmund
  5987 | D:7      | Noticed Joseph
  6002 | D:7      | Killed Joseph
  6036 | D:7      | Reached *** piety under Zin
  6079 | D:7      | Reached skill level 7 in Axes
  6429 | D:7      | Found Viurghyl's Antique Weapon Shoppe.
  6640 | D:8      | Reached XP level 10. HP: 52/59 MP: 14/14
  6672 | D:8      | Noticed a centaur warrior
  6686 | D:8      | Noticed a centaur warrior
  6703 | D:8      | Killed a centaur warrior
  6713 | D:8      | HP: 2/59 [centaur warrior/+0 war axe (9)]
  6730 | D:8      | Killed a centaur warrior
  6745 | D:8      | Reached skill level 8 in Axes
  6943 | D:8      | Donated 67 gold pieces to Zin
  7038 | D:8      | Identified the Grimoire of the Escort
  7082 | D:8      | Learned a level 6 spell: Shadow Creatures
  7221 | D:8      | Reached skill level 1 in Summonings
  7396 | D:8      | Reached XP level 11. HP: 62/64 MP: 16/16
  7417 | D:8      | Donated 34 gold pieces to Zin
  7465 | D:8      | Reached skill level 5 in Evocations
  7502 | D:8      | Found a viscous altar of Jiyva.
  7545 | D:8      | Found a shadowy altar of Dithmenos.
  7547 | D:8      | Found a stormy altar of Qazlal.
  7703 | D:8      | Found a basalt altar of Yredelemnul.
  8121 | D:9      | Reached **** piety under Zin
  8255 | D:9      | Noticed a deep elf mage
  8256 | D:9      | Killed a deep elf mage
  8297 | D:9      | Found Fohyxt's Armour Boutique.
  8299 | D:9      | Found a staircase to the Orcish Mines.
  8379 | D:9      | Reached ***** piety under Zin
  9054 | Orc:1    | Entered Level 1 of the Orcish Mines
  9054 | Orc:1    | Noticed a cyclops
  9084 | D:9      | Killed a cyclops
  9085 | D:9      | Reached skill level 9 in Axes
  9133 | Orc:1    | You fall into a shaft and drop 1 floor!
  9133 | Orc:2    | Entered Level 2 of the Orcish Mines
  9142 | Orc:2    | Noticed an orc knight
  9260 | Orc:1    | Killed an orc knight
  9330 | Orc:1    | Noticed an orc high priest
  9339 | Orc:1    | Noticed a sun demon
  9339 | Orc:1    | Noticed a soul eater
  9404 | Orc:2    | Found a staircase to the Elven Halls.
  9412 | Orc:2    | Found a burning altar of Makhleb.
  9449 | Orc:2    | Noticed an orc sorcerer
  9503 | Orc:2    | Killed an orc sorcerer
  9514 | Orc:2    | HP: 3/66 [orc priest/divine providence (15)]
  9545 | Orc:2    | Noticed an orc knight
  9554 | Orc:2    | Shot with a bolt by an orc knight

Illustrated notes

Levels and vault maps discovered:
D:1:      dpeg_arrival_windows_large_door, layout_basic, kennysheep_minor_cross
D:2:      layout_basic, zin_purify
D:3:      layout_loops_corners, serial_bayou, serial_bayou_crossing,
          serial_bayou_lagoon_b, serial_bayou_pond_b, serial_bayou_ford_a,
          serial_bayou_lagoon_a, minmay_diced_spiral, uniq_crazy_yiuf_cottage,
          uniq_jessica
D:4:      layout_loops_cross, uniq_grinder, uniq_natasha
D:5:      layout_cave_pools, minmay_temple_entry_poolview, serial_shops, shop,
          grunt_qazlal_clouds
D:6:      layout_cave_pools, cheibrodos_sewer_entry_sluice, uniq_menkaure,
          uniq_blork_the_orc, uniq_sigmund, uniq_prince_ribbit1
D:7:      layout_loops_ring, serial_shops, shop, serial_glass, glass_columns_a,
          glass_columns_a, uniq_joseph
D:8:      minmay_the_grid_octo_tiled_octocenter
          [minmay_the_grid_octo_vomiting_pacman, minmay_the_grid_octo_clover,
          minmay_the_grid_octo_checkerflower, minmay_the_grid_octo_focus,
          minmay_the_grid_octo_prize_star,
          minmay_the_grid_square_5x5_tetrominoes,
          minmay_the_grid_square_5x5_checkered_statues,
          minmay_the_grid_square_5x5_shuriken,
          minmay_the_grid_square_5x5_two_walls_b], layout_basic,
          gammafunk_temple_overflow_pools, yredelemnul_forgotten_temple_becter,
          minmay_misc_feat_pillars, serial_bayou_pond_b, jiyva_altar_1
D:9:      layout_loops_cross, orc_david_3, hangedman_minor_gate_pass
Orc:1:    layout_caves, guppyfry_orc_lava_fort
Orc:2:    grunt_orc_tribal_feast, layout_caves, basic_altar, serial_shops,
          nicolae_shop_stone

Skill      XL: |  1  2  3  4  5  6  7  8  9 10 11 |
---------------+----------------------------------+-----
Axes           | 2 3 4 5 6 7 8 9 |  9.2
Shields        | 4 5 6 7 8 |  8.8
Fighting       | 4 5 6 |  6.9
Armour         | 4 5 |  5.9
Invocations    | 1 3 4 5 7 8 |  8.1
Stealth        | 1 2 3 |  3.4
Dodging        | 1 2 3 4 |  4.0
Evocations     | 2 3 4 6 |  6.1
Summonings     | 1 3 |  3.1

Action                   |  1- 3 |  4- 6 |  7- 9 | 10-12 || total
-------------------------+-------+-------+-------+-------++-------
Melee: War axe           |   129 |   184 |   477 |   363 ||  1153
       Hand axe          |       |       |       |   374 ||   374
Invok: Donate Gold       |     1 |     2 |     1 |     2 ||     6
       Recite            |       |     2 |    15 |    19 ||    36
       Imprison          |       |       |       |     1 ||     1
 Abil: Evoke Flight      |       |     1 |     1 |       ||     2
Evoke: Wand              |       |       |     1 |     1 ||     2
       Lightning rod     |       |       |       |     5 ||     5
  Use: Scroll            |     4 |     7 |     6 |     6 ||    23
       Potion            |       |       |     2 |     3 ||     5
 Stab: Sleeping          |       |       |     1 |     3 ||     4
       Confused          |       |       |     1 |     1 ||     2
       Invisible         |       |       |       |     8 ||     8
       Paralysed         |       |       |       |     3 ||     3
Armor: Scale mail        |    91 |    51 |       |       ||   142
       Chain mail        |       |    79 |       |       ||    79
       Ring mail         |       |    13 |   292 |   333 ||   638
Dodge: Dodged            |    55 |    61 |   207 |   237 ||   560
Block: Kite shield       |    91 |   114 |   288 |   509 ||  1002
       Reflection        |       |       |       |    17 ||    17
